 Dungeon Crawl Stone Soup version 0.30-a0-576-g89cddaab80 (webtiles) character file.

Game seed: 3299665146026504615

32 arthad the Digger (level 3, 0/24 HPs)
             Began as a Formicid Earth Elementalist on Dec 31, 2022.
             Killed by divine providence
             ... invoked by an orc priest
              (9 damage)
             ... on level 3 of the Dungeon.
             The game lasted 00:03:17 (1773 turns).

arthad the Digger (Formicid Earth Elementalist)     Turns: 1773, Time: 00:03:17

Health: 0/24       AC:  2    Str: 12    XL:     3   Next: 45%
Magic:  5/6        EV: 12    Int: 16    God:
Gold:   114        SH:  0    Dex: 14    Spells: 1/7 levels left

rFire   . . .      SeeInvis +    (no weapon)
rCold   . . .      Faith    .    (no shield)
rNeg    . . .      Spirit   .    a - +0 robe
rPois   +          Reflect  .    (helmet unavailable)
rElec   .          Harm     .    (no cloak)
rCorr   .          Rampage  .    (no gloves)
Will    .....                    (no boots)
Stlth   ++                       c - amulet of the acrobat
HPRegen 0.24/turn                g - ring of poison resistance
MPRegen 0.10/turn                (no ring)

@: no status effects
A: permanent stasis, dig shafts and tunnels, antennae 3, four strong arms
a: Dig, Shaft Self


You were on level 3 of the Dungeon.
You visited 1 branch of the dungeon, and saw 3 of its levels.

You collected 114 gold pieces.

Inventory:

Hand Weapons
 e - the +7 sling "Macuidaph" {heavy, SInv}
   (You found it on level 2 of the Dungeon)

   Any ammunition fired from it deals dramatically more damage, but attacks with
   it are much slower.
   SInv:      It lets you see invisible.
Missiles
 f - 6 poisoned darts
Armour
 a - a +0 robe (worn)
Jewellery
 c - an amulet of the acrobat (around neck)
 g - a ring of poison resistance (left hand)
 k - a +4 ring of slaying
Scrolls
 h - 2 scrolls of enchant weapon {unknown}
 i - a scroll of poison {unknown}
 j - a scroll of identify {unknown}
 m - 2 scrolls of noise {unknown}
 n - a scroll of amnesia {unknown}
 o - a scroll of magic mapping {unknown}
Potions
 b - 4 potions of magic
 d - 4 potions of curing {unknown}
 l - a potion of degeneration {unknown}


   Skills:
 + Level 2.0 Dodging
 * Level 3.1 Stealth
 * Level 2.5 Spellcasting
 + Level 1.5 Transmutations
 * Level 4.1 Earth Magic


You had one spell level left.
You knew the following spells:

 Your Spells              Type           Power      Damage    Failure   Level
a - Sandblast             Erth           30%        2d9       3%          1
b - Stone Arrow           Conj/Erth      16%        3d8       26%         3
c - Passwall              Tmut/Erth      9%         N/A       10%         2

Your spell library contained the following spells:

 Spells                   Type           Power      Damage    Failure   Level
 Momentum Strike          Conj/Tloc      4%         3d8       30%         2
 Lesser Beckoning         Tloc           4%         N/A       52%         3
 Petrify                  Tmut/Erth      11%        N/A       52%         4
 Blink                    Tloc           Unusable   N/A       N/A         2

Dungeon Overview and Level Annotations

Branches:
Dungeon (3/15)

Altars:


Innate Abilities, Weirdness & Mutations

You cannot be hasted, slowed, berserked, paralysed or teleported.
You can dig through walls and to a lower floor.
You have a pair of large antennae on your head. (SInv)
Your four strong arms can wield two-handed weapons with a shield.


Message History

Memorise Passwall, consuming 2 spell levels and leaving 1?
You start memorising the spell.
You continue memorising. x2
You finish memorising.
Spell assigned to 'c'.
There is a stone staircase leading up here.
An endoplasm comes into view.
An endoplasm is nearby!
The endoplasm quivers.
No target in view!
You can't see any susceptible monsters within range! (Use Z to cast anyway.) No target in view!
Found a stone staircase leading down.
You see here a scroll labelled SYNAM JEAZUIM.
The blast of sand hits the endoplasm!
You kill the endoplasm!
Magic restored.
p - a scroll labelled SYNAM JEAZUIM An orc wizard comes into view.
It is wielding a +0 dagger. 2 orc priests come into view.
An orc comes into view. It is wielding a +0 whip.
The orc priest shouts!
You hear a shout!
Found a quarterstaff.
An orc comes into view. It is wielding a +0 falchion.
An orc comes into view. It is wielding a +0 short sword.
The blast of sand hits the orc wizard!
The orc wizard is almost dead.
The orc wizard shouts!
The orc shouts! x2
An orc comes into view. It is wielding a +0 trident.
An orc comes into view. It is wielding a +0 short sword.
The orc priest invokes the aid of Beogh against you.
Beogh smites you!
The orc shouts!
Unknown command.
As you read the scroll labelled SYNAM JEAZUIM, it crumbles to dust.
Your body is wracked with pain!
The orc convulses!
The orc priest convulses!
The orc convulses! x2; The orc priest convulses!
The orc convulses!
The orc shouts!
The orc convulses!
It was a scroll of torment.
The orc priest mumbles some strange prayers to Beogh against you.
Beogh smites you!
You die...

####### #...>.# .
#.....#
ooo#####.....#####
ooo..........#...#######
#o..@................
#.###........>..###.#
#...........##..#
..................##
...................<
##.#..##.......#....
.....###.......#....
...................#
.#######.....#....#


You could see 2 orc priests, an orc wizard and 4 orcs.

Vanquished Creatures
  A worm (D:2)
  2 dart slugs (D:2)
  4 endoplasms
  A giant cockroach (D:1)
  2 goblins
  3 hobgoblins
  2 ball pythons (D:1)
  3 bats
  A frilled lizard (D:1)
  4 kobolds
  3 rats
26 creatures vanquished.

Notes
Turn   | Place    | Note
-------+----------+-------------------------------------------
     0 | D:1      | arthad the Formicid Earth Elementalist began the quest for
                  | the Orb.
     0 | D:1      | Reached XP level 1. HP: 13/13 MP: 3/3
   181 | D:1      | Reached XP level 2. HP: 19/19 MP: 3/5
   786 | D:2      | Identified the +7 sling "Macuidaph" {heavy, SInv}
   873 | D:2      | Reached skill level 4 in Earth Magic
   873 | D:2      | Reached XP level 3. HP: 24/24 MP: 3/6
  1662 | D:2      | Found a faded altar of an unknown god.
  1737 | D:3      | Learned a level 3 spell: Stone Arrow
  1740 | D:3      | Learned a level 2 spell: Passwall
  1773 | D:3      | Killed from afar by an orc priest

Illustrated notes

Levels and vault maps discovered:
D:1:      co_arrival_random_square_maze, layout_rooms, hex_intersection,
          minmay_misc_feat_five
D:2:      layout_basic, shapermc_ecumenical_altar_hornbeckon,
          kennysheep_generic_room_16
D:3:      layout_rooms, serial_aquarium, aquarium_bridge_straight
          [aquarium_subvault_bridge, aquarium_subvault_wall,
          aquarium_subvault_bridge, aquarium_subvault_window],
          aquarium_window_3, aquarium_window_fake, aquarium_view_2b,
          serial_bayou_lagoon_a, amcnicky_mini_corridor_feature, feat_on_display

Skill      XL: |  1  2  3 |
---------------+----------+-----
Dodging        | 2 |  2.0
Earth Magic    | 4 |  4.1
Stealth        | 3 |  3.1
Spellcasting   | |  2.5
Transmutations | |  1.5

Action                   || total
-------------------------++-------
 Cast: Sandblast         ||    37
  Use: Scroll            ||     1
Dodge: Dodged            ||     2

Table legend: (Time is in decaauts)
 A = Elapsed time spent in this place.
 B = Non-inter-level travel time spent in this place.
 C = Inter-level travel time spent in this place.
 D = Time resting spent in this place.
 E = Time spent auto-exploring this place.
 F = Levels seen in this place.
 G = Mean time per level.
                   A        B        C        D        E       F      G
               +--------+--------+--------+--------+--------+-----+--------+
         Total |   1800 |   1733 |     67 |     37 |   1502 |   3 |  600.0 |
       Dungeon |   1800 |   1733 |     67 |     37 |   1502 |   3 |  600.0 |
               +--------+--------+--------+--------+--------+-----+--------+

Top non-repeatable levels by time:
     D:2: 994 daAuts
     D:1: 748 daAuts
     D:3: 57 daAuts
